Map: 2000 Atmospheres LE

Players

Scarlett

  • Race: Zerg Zerg

Astrea - Winner!

  • Race: Protoss Protoss

Event: DreamHack SC2 Masters 2021 Winter

VOD

Have the link to the VOD?

Description

Time

  • Played on: Oct. 10, 2021, 4:30 p.m.
  • Length: 13:41

All games in this series

Show
View Real Time Build Order
Export as new Build Order

Scarlett Zerg 

Build Orders: Hatch First 

Get SALT Encoding   

  12  0:00  Drone  
  13  0:12  Overlord  
  13  0:16  Drone  
  14  0:30  Drone x2  
  16  0:47  Hatchery  
  15  0:50  Drone  
  15  0:53  Drone  
  17  0:57  Drone  
  18  1:07  Extractor  
  17  1:12  Spawning Pool  
  17  1:15  Drone  
  17  1:19  Drone  
  18  1:27  Drone  
  19  1:40  Drone  
  20  1:49  Drone  
  21  1:59  Queen x2  
  21  2:00  Zergling x2  
  21  2:01  Overlord  
  26  2:11  Drone x2  
  26  2:13  Metabolic Boost  
  28  2:20  Drone  
  28  2:21  Drone  
  30  2:33  Hatchery  
  29  2:38  Queen  
  29  2:43  Drone x2  
  33  2:47  Overlord  
  33  2:54  Zergling x6  
  36  3:06  Zergling x2  
  36  3:08  Drone x4  
  40  3:14  Overlord, Queen  
  42  3:22  Queen  
  44  3:33  Drone  
  44  3:34  Drone x2  
  47  3:38  Drone x4  
  51  3:42  Overlord  
  51  3:46  Drone x4  
  55  3:49  Drone  
  56  3:59  Overlord, Drone x2  
  58  4:08  Overlord  
  58  4:10  Drone x2  
  58  4:13  Drone x3  
  63  4:21  Drone x3  
  63  4:22  Drone x3  
  69  4:26  Roach Warren  
  69  4:27  Extractor  
  69  4:28  Extractor, Lair  
  69  4:30  Queen  
  68  4:33  Drone  
  68  4:34  Drone x2  
  68  4:38  Zergling x2  
  71  4:40  Zergling x2  
  71  4:45  Zergling x8  
  75  5:01  Drone x6  
  75  5:09  Drone x2  
  75  5:15  Drone  
  75  5:16  Drone x4  
  75  5:19  Extractor  
  75  5:20  Drone x2  
  81  5:21  Overlord, Evolution Chamber  
  81  5:23  Extractor, Queen  
  81  5:27  Glial Reconstitution, Overseer  
  81  5:30  Overlord  
  81  5:32  Extractor  
  80  5:37  Overlord, Drone  
  80  5:39  Queen  
  80  5:40  Overlord  
  80  5:41  Drone x4  
  87  5:48  Hatchery  
  87  5:49  Roach  
  92  5:50  Roach x2  
  92  5:55  Roach x3  
  98  6:01  Roach x6  
  110  6:05  Zergling x4  
  110  6:08  Overlord  
  110  6:11  Ravager x2  
  113  6:21  Ravager  
  113  6:22  Overlord x2  
  113  6:23  Zerg Missile Weapons Level 1  
  112  6:26  Overlord x3, Drone  
  112  6:29  Roach x4  
  118  6:37  Roach x3  
  118  6:41  Roach x2  
  118  6:43  Ravager  
  118  6:44  Ravager x3  
  123  6:48  Roach x6  
  123  6:53  Roach x3  
  137  7:01  Roach x5  
  137  7:06  Roach x3  
  141  7:09  Roach  
  138  7:16  Roach x2  
  138  7:20  Roach  
  138  7:21  Roach x4  
  145  7:29  Drone x4  
  149  7:33  Ravager x2  
  149  7:36  Drone  
  152  7:37  Infestation Pit  
  152  7:41  Drone x3  
  152  7:47  Drone x4  
  156  7:51  Drone x3  
  156  7:53  Overseer  
  156  7:55  Hatchery  
  158  7:59  Drone x4  
  162  8:06  Drone x3  
  162  8:11  Extractor  
  164  8:13  Overlord x4, Drone  
  164  8:14  Drone  
  164  8:15  Extractor  
  164  8:26  Pneumatized Carapace  
  157  8:27  Drone x3  
  157  8:28  Drone x3  
  157  8:29  Drone  
  157  8:30  Drone x5  
  165  8:34  Overseer  
  163  8:44  Zerg Missile Weapons Level 2, Spine Crawler  
  163  8:45  Spore Crawler  
  163  8:46  Roach x8  
  163  8:48  Drone  
  177  8:51  Spine Crawler, Drone x2  
  177  8:52  Spore Crawler, Overseer  
  177  8:57  Roach x3  
  177  9:02  Ravager x9  
  192  9:07  Roach x4  
  198  9:28  Overlord x2  
  198  9:30  Hive  
  180  9:34  Roach  
  180  9:35  Roach x8  
  194  9:43  Overlord  
  194  9:44  Overlord  
  194  9:47  Overseer  
  179  9:56  Roach x15  
  191  10:05  Spore Crawler, Spine Crawler, Drone  
  191  10:06  Spine Crawler  
  189  10:07  Spore Crawler  
  190  10:14  Roach x6  
  190  10:20  Overlord x2, Overseer  
  190  10:21  Overseer  
  179  10:40  Roach x14  
  179  10:41  Roach x4  
  195  10:56  Roach x6  
  199  11:01  Drone x11  
  200  11:06  Hydralisk Den  
  197  11:13  Spine Crawler  
  197  11:14  Spine Crawler, Drone  
  197  11:15  Spine Crawler  
  195  11:23  Viper  
  198  11:32  Viper  
  194  11:33  Viper  
  194  11:37  Overseer x3  
  194  11:39  Muscular Augments  
  194  11:40  Lurker Den  
  194  11:42  Viper  
  194  11:44  Roach x3  
  194  11:45  Roach  
Show
View Real Time Build Order
Export as new Build Order

Astrea Protoss - Winner!

Build Orders: Nexus First, Phoenix Opening 

Get SALT Encoding   

  12  0:00  Probe  
  13  0:12  Probe  
  14  0:17  Pylon  
  14  0:24  Probe  
  15  0:36  Probe  
  16  0:49  Probe  
  17  0:56  Nexus  
  17  1:06  Gateway  
  17  1:10  Probe (Chrono Boost)  
  18  1:14  Assimilator  
  19  1:19  Probe (Chrono Boost)  
  19  1:23  Assimilator  
  19  1:24  Probe (Chrono Boost)  
  20  1:36  Probe  
  20  1:39  Gateway  
  21  1:48  Probe  
  21  1:53  Cybernetics Core  
  23  2:02  Pylon, Probe (Chrono Boost)  
  23  2:08  Probe (Chrono Boost)  
  25  2:18  Probe x2 (Chrono Boost)  
  26  2:23  Probe (Chrono Boost)  
  26  2:25  Probe  
  26  2:27  Adept (Chrono Boost)  
  26  2:28  Adept (Chrono Boost)  
  28  2:30  Warp Gate (Chrono Boost)  
  28  2:35  Probe  
  34  2:37  Probe  
  34  2:47  Probe  
  34  2:49  Probe  
  34  2:50  Stalker  
  38  2:53  Sentry  
  40  2:59  Probe  
  40  3:01  Probe  
  40  3:02  Pylon  
  42  3:11  Probe  
  43  3:13  Probe  
  44  3:21  Adept x2  
  44  3:23  Probe  
  44  3:26  Nexus  
  44  3:27  Probe  
  50  3:33  Pylon  
  50  3:35  Probe  
  50  3:38  Phoenix  
  50  3:39  Probe  
  50  3:41  Twilight Council  
  52  3:44  Assimilator  
  52  3:47  Probe  
  53  3:51  Probe  
  53  3:55  Robotics Facility  
  54  3:56  Assimilator  
  54  3:59  Probe  
  55  4:02  Pylon  
  55  4:03  Probe  
  56  4:11  Adept x2  
  56  4:12  Probe (Chrono Boost)  
  62  4:17  Blink (Chrono Boost)  
  62  4:21  Probe (Chrono Boost)  
  62  4:23  Pylon, Probe (Chrono Boost)  
  63  4:28  Probe (Chrono Boost)  
  63  4:29  Probe (Chrono Boost)  
  65  4:37  Probe  
  65  4:38  Probe  
  67  4:40  Probe  
  67  4:41  Gateway  
  67  4:43  Observer (Chrono Boost)  
  67  4:44  Gateway  
  69  4:49  Probe  
  69  4:50  Probe  
  69  4:52  Probe  
  72  4:58  Gateway  
  72  5:00  Gateway  
  72  5:01  Probe  
  72  5:02  Probe  
  72  5:04  Probe  
  71  5:07  Stalker  
  71  5:12  Pylon  
  71  5:13  Sentry  
  71  5:14  Probe x2  
  72  5:16  Warp Prism (Chrono Boost), Probe  
  76  5:26  Shield Battery, Probe  
  77  5:31  Pylon  
  77  5:33  Sentry  
  79  5:36  Stalker  
  79  5:38  Stalker x2  
  85  5:45  Pylon  
  85  5:50  Probe x2  
  85  5:52  Assimilator  
  85  5:53  Assimilator  
  85  5:54  Dark Shrine  
  85  5:57  Forge, Stalker x3  
  93  6:04  Sentry, Stalker  
  93  6:06  Pylon, Stalker  
  93  6:09  Probe x3  
  100  6:20  Stalker  
  100  6:21  Probe, Stalker x2  
  100  6:23  Probe x2  
  107  6:28  Stalker  
  107  6:29  Pylon  
  109  6:32  Pylon  
  109  6:39  Stalker x2  
  111  6:43  Stalker  
  111  6:44  Stalker x2  
  117  7:02  Protoss Ground Weapons Level 1 (Chrono Boost)  
  117  7:04  Pylon  
  117  7:08  Stalker x6  
  125  7:24  Charge  
  125  7:25  Robotics Bay  
  125  7:26  Pylon  
  125  7:28  Nexus  
  125  7:29  Gateway  
  125  7:31  Gateway  
  125  7:42  Dark Templar  
  127  7:52  Robotics Facility  
  127  7:54  Shield Battery  
  127  7:55  Dark Templar, Photon Cannon  
  127  7:56  Pylon  
  127  7:58  Probe x3  
  132  7:59  Photon Cannon, Stalker x4  
  140  8:10  Probe x3  
  140  8:12  Disruptor (Chrono Boost)  
  146  8:15  Pylon  
  146  8:18  Pylon  
  146  8:22  Probe x2  
  146  8:23  Probe  
  148  8:34  Probe x2  
  148  8:35  Assimilator  
  148  8:36  Assimilator, Photon Cannon, Probe  
  150  8:41  Disruptor (Chrono Boost)  
  150  8:42  Probe  
  150  8:47  Disruptor (Chrono Boost)  
  155  8:50  Stalker x5  
  155  8:55  Pylon  
  165  8:56  Pylon  
  165  9:02  Dark Templar  
  167  9:04  Photon Cannon  
  167  9:06  Protoss Ground Weapons Level 2 (Chrono Boost), Disruptor (Chrono Boost)  
  173  9:17  Disruptor (Chrono Boost)  
  169  9:31  Stalker x4  
  167  9:35  Disruptor  
  168  9:45  Zealot x4  
  168  9:49  Gravitic Boosters, Gateway  
  168  9:52  Gateway  
  179  9:53  Pylon  
  179  9:55  Pylon  
  179  9:57  Zealot x4  
  184  10:01  Warp Prism  
  184  10:09  Templar Archives  
  184  10:10  Disruptor  
  184  10:13  Nexus  
  186  10:24  Zealot x7  
  178  10:37  Disruptor (Chrono Boost)  
  178  10:38  Probe  
  174  10:46  Stalker x9  
  174  10:48  Stalker  
  195  10:53  Disruptor (Chrono Boost)  
  169  11:04  Pylon, Probe x4, Psionic Storm  
  167  11:11  Gateway x2  
  167  11:13  Zealot x7  
  167  11:14  Zealot  
  183  11:23  Disruptor  
  183  11:25  High Templar x2  
  190  11:32  Probe  
  185  11:40  Disruptor, Probe x2  
  185  11:41  Probe x2  
  185  11:44  Photon Cannon, Probe  
  185  11:45  Shield Battery, Photon Cannon x2  
  193  11:48  Dark Templar  
  193  11:49  Dark Templar x2  
  193  11:52  Probe  
  200  11:58  Disruptor  

Tags
 
Add a new tag
Caveats
  • Supply blocks, unpowered buildings, or Contaminate may cause inaccurate times.
  • Supply counts are checked every 10 seconds.